 Dungeon Crawl Stone Soup version 0.22-a0-469-gf26638a71f (webtiles) character file.

10670 Foic the Grappler (level 11, -1/104 HPs)
             Began as a Troll Abyssal Knight on June 11, 2018.
             Was the Champion of Lugonu.
             Slain by an ice beast (10 damage)
             ... on level 10 of the Dungeon.
             The game lasted 00:53:24 (9353 turns).

Foic the Grappler (Troll Abyssal Knight)            Turns: 9353, Time: 00:53:24

Health: -1/104     AC:  6    Str: 23    XL:     11   Next: 39%
Magic:  13/13      EV: 14    Int:  8    God:    Lugonu [******]
Gold:   536        SH:  0    Dex: 11    Spells: 10/10 levels left

rFire    . . .     SeeInvis .     - Unarmed
rCold    . . .     Gourm    +   (no shield)
rNeg     . . .     Faith    .   a - +0 robe
rPois    +         Spirit   .   (helmet restricted)
rElec    .         Reflect  .   h - +0 cloak
rCorr    .         Harm     .   (gloves unavailable)
MR       .....                  (boots unavailable)
Stlth    ++........             (no amulet)
HPRegen  0.67/turn              l - ring of poison resistance
MPRegen  0.13/turn              G - +2 ring of evasion

@: no status effects
A: large, unfitting armour, claws 3, fast metabolism 3, gourmand, regeneration
1, shaggy fur 1, tough skin 2
a: Depart the Abyss, Bend Space, Banish, Corrupt, Enter the Abyss, Brand Weapon
With Distortion, Renounce Religion


You were on level 10 of the Dungeon.
You worshipped Lugonu.
Lugonu was exalted by your worship.
You were very full.

You visited 1 branch of the dungeon, and saw 10 of its levels.
You visited the Abyss 1 time.
You also visited: Ossuary.

You collected 536 gold pieces.

Inventory:

Hand Weapons
 K - the +7 long sword "Kicitorch" {vamp, *Corrode MR+ Str-2 Int+8, unknown}
   (You took it off a centaur on level 9 of the Dungeon)

   It inflicts no extra harm, but heals its wielder when it wounds a living foe.
   It affects your strength (-2).
   It affects your intelligence (+8).
   It affects your resistance to hostile enchantments.
   It may corrode you when you take damage.
Missiles
 f - 216 stones (quivered)
 H - 5 large rocks
Armour
 a - a +0 robe (worn)
 h - a +0 cloak (worn)
Jewellery
 l - a ring of poison resistance (left claw)
 z - a cursed ring of teleportation
 B - an uncursed ring of wizardry
 C - an uncursed ring of poison resistance
 E - an uncursed ring of ice
 G - a +2 ring of evasion (right claw)
Wands
 t - a wand of random effects (19)
 D - a wand of acid (22)
 L - a wand of polymorph (13)
Scrolls
 e - 2 scrolls of amnesia
 j - 5 scrolls of random uselessness {unknown}
 k - a scroll of fear
 m - 6 scrolls of remove curse {unknown}
 n - 3 scrolls of identify
 o - 2 scrolls of magic mapping {unknown}
 q - 5 scrolls of enchant armour {unknown}
 u - a scroll of blinking {unknown}
 v - a scroll of silence {unknown}
 w - a scroll of fog {unknown}
 y - a scroll of enchant weapon {unknown}
 I - a scroll of brand weapon {unknown}
 J - a scroll of teleportation
Potions
 c - 3 potions of mutation {unknown}
 d - a potion of agility {unknown}
 g - a potion of invisibility
 i - a potion of cancellation {unknown}
 p - 2 potions of haste
 r - 2 potions of might {unknown}
 s - 6 potions of curing {unknown}
 x - 2 potions of lignification {unknown}
 A - a potion of degeneration {unknown}
 F - a potion of brilliance {unknown}
Comestibles
 b - 20 rations


   Skills:
 + Level 5.3 Fighting
 + Level 2.0 Throwing
 + Level 6.6 Dodging
 - Level 1.1 Stealth
 + Level 13.7 Unarmed Combat
 * Level 4.8 Invocations


You had 10 spell levels left.
You didn't know any spells.
Your spell library contained the following spells:

 Spells                   Type           Power        Failure   Level  Hunger
 Magic Dart               Conj           #...         41%         1    ##.....
 Iskenderun's Mystic Bla  Conj           #.......     99%         4    #####..
 Fulminant Prism          Conj/Hex       #.........   99%         4    #####..
 Dazzling Spray           Conj/Hex       #.....       78%         3    ####...
 Force Lance              Conj/Tloc      #.......     99%         4    #####..
 Searing Ray              Conj           #.....       54%         2    ###....


Dungeon Overview and Level Annotations

Branches:
Dungeon (10/15)            Temple (0/1) D:7
   Lair: D:8-11         Orc: D:9-12

Altars:
Elyvilon
Gozag
Kikubaaqudgha
Okawaru
Qazlal
Trog
Wu Jian

Shops:
D:4 :[


Innate Abilities, Weirdness & Mutations

You are too large for most types of armour.
You have claws for hands.
Your metabolism is lightning-fast.
You like to eat raw meat.
Your natural rate of healing is unusually fast.
You are covered in fur. (AC +1)
You have very tough skin. (AC +2)


Message History

The bolt of electricity hits you! x2
The ice beast closely misses you.
The electric eel shoots out a bolt of lightning at you!
The bolt of electricity hits you! x2
* * * LOW HITPOINT WARNING * * *
The electric eel shoots out a bolt of lightning at you!
The bolt of electricity hits you!
* * * LOW HITPOINT WARNING * * *
The ice beast hits you but does no damage.
You scratch the ice beast but do no damage.
The ice beast hits you.
* * * LOW HITPOINT WARNING * * *
The ice beast freezes you!
* * * LOW HITPOINT WARNING * * *
You scratch the ice beast.
The ice beast is lightly wounded.
The ice beast hits you.
* * * LOW HITPOINT WARNING * * *
The ice beast freezes you!
You die...

.####.#.#.##.......#+#.# #####...
....#.#.#.##.......#.#.###...†..#
.................................
............####.#........[..#..#
............# #.#)..........#...
#...........# #.#...........#.##
............# #.#.....).....#...
............# ##.##..........####
....##..##### #.@........#.......
#######)#######Y####.###..#######
........................... .(..
........................... .≈≈≈
..........................≈ ≈≈≈≈
≈≈≈≈≈≈≈≈≈...........≈≈≈≈≈≈≈ ≈≈≈≈
≈≈≈≈≈≈≈≈≈≈≈≈≈≈≈≈≈≈;≈≈≈≈≈≈≈≈ ≈≈≈≈
≈≈≈≈≈≈≈≈≈≈≈≈≈≈≈≈≈≈≈≈≈≈≈≈≈≈≈ ≈≈≈≈
≈≈≈≈≈≈≈≈≈≈≈≈≈≈≈≈≈≈≈≈≈≈≈≈≈≈≈ ≈≈≈≈


You could see an ice beast.

Vanquished Creatures
  The ghost of Shaidar the Cleaver, a journeyman HOFi of Beogh (D:10)
  2 two-headed ogres
  The ghost of BearFiend the Basher, a novice DsBe of Trog (D:8)
  A cyclops (D:8)
  The ghost of BearFiend the Cudgeler, a novice MiBe of Trog (D:6)
  Grinder (D:3)
  A hippogriff (D:10)
  A shadow (D:8)
  A yak (D:9)
  A human (D:9)
  3 hogs (D:9)
  Grum (D:8)
  A water moccasin (D:5)
  Duvessa (D:4)
  2 sky beasts
  An orc warrior (D:6)
  13 ice beasts
  2 wolves (D:8)
  A phantom (D:6)
  5 ogres
  6 centaurs
  2 big kobolds
  3 elf zombies (Ossuary)
  3 bullfrogs
  Dowan (D:4)
  A wyvern skeleton (D:7)
  5 scorpions
  A wight (D:8)
  13 killer bees
  A howler monkey (D:6)
  An electric eel (D:10)
  A centaur zombie (Ossuary)
  5 crimson imps
  A bullfrog zombie (D:10)
  4 hounds
  8 human zombies
  3 jellies
  3 orc priests (D:4)
  Ijyb (D:3)
  2 human skeletons (D:8)
  8 orc wizards
  5 worker ants
  An ogre zombie (D:8)
  4 mummies
  Robin (D:3)
  7 adders
  10 gnolls
  3 shadow imps
  An ooze (D:1)
  An adder skeleton (D:9)
  3 adder zombies
  2 dart slugs
  A worm (D:2)
  3 leopard geckos
  27 orcs
  A ball python (D:3)
  3 bats
  4 giant cockroaches
  2 gnoll zombies (Ossuary)
  15 goblins
  8 hobgoblins
  14 jackals
  3 quokkas
  6 frilled lizards
  4 goblin zombies (Ossuary)
  4 hobgoblin zombies (Ossuary)
  3 jackal zombies (Ossuary)
  15 kobolds
  4 kobold zombies (Ossuary)
  3 orc zombies
  4 quokka zombies (Ossuary)
  9 rats
  3 rat zombies (Ossuary)
288 creatures vanquished.

Notes
Turn   | Place    | Note
-------+----------+-------------------------------------------
     0 | Abyss:1  | Foic the Troll Abyssal Knight began the quest for the Orb.
     0 | Abyss:1  | Reached XP level 1. HP: 22/22 MP: 1/1
    35 | Abyss:1  | Noticed a worldbinder
    36 | D:1      | Escaped the Abyss
    97 | D:1      | Reached XP level 2. HP: 28/29 MP: 2/2
   206 | D:1      | Reached * piety under Lugonu
   563 | D:1      | Reached XP level 3. HP: 34/36 MP: 3/3
  1097 | D:2      | Noticed a scorpion
  1102 | D:2      | Killed a scorpion
  1102 | D:2      | Reached skill level 3 in Unarmed Combat
  1102 | D:2      | Reached XP level 4. HP: 42/45 MP: 4/4
  1694 | D:3      | Reached ** piety under Lugonu
  1759 | D:3      | Noticed Robin
  1798 | D:3      | Killed Robin
  1798 | D:3      | Reached XP level 5. HP: 35/53 MP: 5/5
  1922 | D:3      | Noticed Ijyb
  1937 | D:3      | Killed Ijyb
  1980 | D:3      | Noticed Grinder
  1983 | D:3      | Paralysed by Grinder for 7 turns
  1995 | D:3      | Killed Grinder
  1995 | D:3      | Reached skill level 5 in Unarmed Combat
  1995 | D:3      | Reached XP level 6. HP: 21/61 MP: 6/6
  2116 | D:3      | Found an opulent altar of Gozag.
  2678 | D:4      | Found Kopsegg's Antique Armour Emporium.
  2709 | D:4      | Reached skill level 1 in Stealth
  2709 | D:4      | Reached XP level 7. HP: 26/67 MP: 7/7
  2794 | D:4      | Noticed Duvessa
  2801 | D:4      | Noticed Dowan
  2814 | D:4      | Killed Duvessa
  2820 | D:4      | Killed Dowan
  3040 | D:4      | Reached skill level 6 in Unarmed Combat
  3073 | D:4      | Reached *** piety under Lugonu
  3241 | D:4      | Found Dohinom's Book Shoppe.
  3500 | D:5      | Entered Level 5 of the Dungeon
  3500 | D:5      | Found a stormy altar of Qazlal.
  3612 | D:5      | Found a sand-covered staircase.
  3617 | Ossuary  | Entered an ossuary
  3775 | Ossuary  | Reached **** piety under Lugonu
  3833 | Ossuary  | Reached XP level 8. HP: 63/78 MP: 8/8
  3838 | Ossuary  | Reached skill level 7 in Unarmed Combat
  4288 | D:5      | Reached skill level 8 in Unarmed Combat
  4598 | D:6      | Noticed BearFiend's ghost (novice MiBe)
  4610 | D:6      | Killed BearFiend's ghost
  4610 | D:6      | Reached skill level 9 in Unarmed Combat
  4610 | D:6      | Reached XP level 9. HP: 82/85 MP: 9/9
  4905 | D:6      | Reached skill level 10 in Unarmed Combat
  5037 | D:6      | Reached ***** piety under Lugonu
  5593 | D:7      | Found a staircase to the Ecumenical Temple.
  5597 | D:7      | Reached skill level 5 in Dodging
  6016 | D:7      | Reached skill level 11 in Unarmed Combat
  6031 | D:7      | Reached skill level 1 in Throwing
  6400 | D:7      | Found a bloodstained altar of Trog.
  6739 | D:8      | Noticed a two-headed ogre
  6761 | D:8      | Killed a two-headed ogre
  6761 | D:8      | Reached XP level 10. HP: 62/94 MP: 10/10
  6819 | D:8      | Noticed BearFiend's ghost (novice DsBe)
  6871 | D:8      | Reached skill level 12 in Unarmed Combat
  6966 | D:8      | Killed BearFiend's ghost
  6966 | D:8      | Reached skill level 5 in Fighting
  7190 | D:8      | Noticed a cyclops
  7202 | D:8      | Killed a cyclops
  7568 | D:8      | Found an ancient bone altar of Kikubaaqudgha.
  7776 | D:8      | Noticed Grum
  7784 | D:8      | Killed Grum
  8137 | D:9      | Got an uncursed warped long sword {vamp}
  8241 | D:9      | Noticed a two-headed ogre
  8246 | D:9      | Killed a two-headed ogre
  8246 | D:9      | Reached skill level 13 in Unarmed Combat
  8397 | D:9      | Reached XP level 11. HP: 56/104 MP: 12/12
  8855 | D:9      | Found an ornate altar of the Wu Jian Council.
  8855 | D:9      | Found an iron altar of Okawaru.
  8856 | D:9      | Found a white marble altar of Elyvilon.
  8889 | D:10     | Entered Level 10 of the Dungeon
  9124 | D:10     | Noticed Shaidar's ghost (journeyman HOFi)
  9140 | D:10     | Killed Shaidar's ghost
  9149 | D:10     | Reached ****** piety under Lugonu
  9353 | D:10     | Slain by an ice beast

Vault maps used:
D:1:      evilmike_arrival_plus, serial_co_window_serial,
          co_window_of_opportunity_a, co_window_paths_a, co_window_paths_a,
          co_window_paths_a, co_window_paths_a, co_window_unsneaky_path_e,
          co_window_corner_b, co_window_unsneaky_path_c,
          co_window_of_opportunity_b, co_window_broadway_c, glass_columns_a,
          glass_columns_b, glass_columns_b, glass_columns_c, glass_columns_a
D:2:      first_ration
D:3:      nicolae_gozag_seed_capital, uniq_robin, uniq_grinder, uniq_ijyb
D:4:      serial_shops, shop, shop, hangedman_decor_points, uniq_duvessa
D:5:      basic_altar, nicolae_ossuary_entry_false_entrances
D:7:      lightli_temple_of_fire, temple_fountains
D:8:      lemuel_mausoleum_altar_kikubaaqudgha, uniq_grum
D:9:      gammafunk_temple_overflow_claw, grunt_livestock
D:10:     minmay_twisted_water
Abyss:1:  minivault_28
Ossuary:  minmay_ossuary_two_tombs

Skill      XL: |  1  2  3  4  5  6  7  8  9 10 11 |
---------------+----------------------------------+-----
Dodging        | 2 3 4 5 6 |  6.6
Fighting       | 3 4 5 |  5.3
Unarmed Combat | 3 5 6 9 11 13 | 13.7
Stealth        | 1 |  1.1
Throwing       | 1 2 |  2.0
Invocations    | 3 4 |  4.8

Action                   |  1- 3 |  4- 6 |  7- 9 | 10-12 || total
-------------------------+-------+-------+-------+-------++-------
Melee: Unarmed           |    92 |   145 |   421 |   274 ||   932
       Punch             |     1 |     2 |    10 |    13 ||    26
Throw: Stone             |       |     2 |    25 |    11 ||    38
       Large rock        |       |       |       |     3 ||     3
Invok: Depart the Abyss  |     1 |       |       |       ||     1
  Use: Scroll            |     5 |       |     4 |       ||     9
 Stab: Distracted        |       |       |       |     1 ||     1
       Sleeping          |       |       |       |     1 ||     1
  Eat: Chunk             |    16 |    13 |    38 |    22 ||    89
Armor: Robe              |    19 |    53 |    78 |    63 ||   213
Dodge: Dodged            |    44 |    73 |   183 |   129 ||   429

Table legend:
 A = Spawn XP
 B = Non-spawn XP
 C = Spawn XP percentage of total XP
 D = Spawn monster count
 E = Non-spawn monster count
 F = Spawn count percentage of total count
 G = Total turns spent on level
                    A         B        C        D         E        F      G
               +---------+---------+-------+---------+---------+-------+---------
         Total |       0 |   15244 |   0.0 |       0 |     288 |   0.0 |  9353
               +---------+---------+-------+---------+---------+-------+---------
           D:1 |       0 |      55 |   0.0 |       0 |      29 |   0.0 |   886
           D:2 |       0 |     101 |   0.0 |       0 |      16 |   0.0 |   768
           D:3 |       0 |     390 |   0.0 |       0 |      24 |   0.0 |   879
           D:4 |       0 |     658 |   0.0 |       0 |      27 |   0.0 |   946
           D:5 |       0 |     406 |   0.0 |       0 |      13 |   0.0 |   600
           D:6 |       0 |    1903 |   0.0 |       0 |      32 |   0.0 |   923
           D:7 |       0 |     585 |   0.0 |       0 |      14 |   0.0 |   977
           D:8 |       0 |    4394 |   0.0 |       0 |      45 |   0.0 |  1433
           D:9 |       0 |    2896 |   0.0 |       0 |      27 |   0.0 |   970
          D:10 |       0 |    3342 |   0.0 |       0 |      24 |   0.0 |   464
       Ossuary |       0 |     514 |   0.0 |       0 |      37 |   0.0 |   471
               +---------+---------+-------+---------+---------+-------+---------
